[Event "Team 45 45 League T49"]
[Site "Internet Chess Club"]
[Date "2011.06.08"]
[Round "4"]
[White "CaoCao"]
[Black "Terte"]
[Result "1-0"]
[WhiteElo "1886"]
[BlackElo "1967"]
[Opening "Sicilian: accelerated fianchetto, modern variation with Bc4"]
[ECO "B35"]
[Time "14:09:58"]
[TimeControl "2700+45"]

1. e4 c5 2. Nf3 Nc6 3. d4 cxd4 4. Nxd4 g6 5. Nc3 Bg7 6. Be3 Nf6 7. Bc4 O-O 8.
Bb3 d6 9. f3 a6 10. Qd2 Qc7 11. O-O-O b5 12. Nxc6 Qxc6 13. Nd5 Qb7 14. Nxf6+
Bxf6 15. Bd5 Qb8 16. Bxa8 Qxa8 17. Bd4 e5 18. Be3 Be7 19. h4 h5 20. g4 hxg4 21.
h5 gxf3 22. hxg6 fxg6 23. Qh2 Kf7 24. Qh7+ Ke8 25. Qxg6+ Kd7 26. Rh7 Qc6 27. Bg5
Re8 28. Bxe7 Rxe7 29. Rxe7+ Kxe7 30. Rh1 Bd7 31. Qg5+ {Black resigns} 1-0

[Event "Team 45 45 League T49"]
[Site "Internet Chess Club"]
[Date "2011.06.05"]
[Round "4"]
[White "mugurelt"]
[Black "RamRock"]
[Result "1-0"]
[WhiteElo "1704"]
[BlackElo "1787"]
[Opening "English: symmetrical, four knights system"]
[ECO "A16"]
[Time "16:35:00"]
[TimeControl "2700+45"]

1. c4 Nf6 2. Nc3 c5 3. Nf3 Nc6 4. d4 cxd4 5. Nxd4 d5 6. Bg5 dxc4 7. Nxc6 Qxd1+
8. Rxd1 bxc6 9. e4 e5 10. Bxc4 Bc5 11. O-O O-O 12. Bxf6 gxf6 13. Kh1 Rb8 14. b3
Bd4 15. Ne2 Rd8 16. f4 Be6 17. Bd3 Bg4 18. Nxd4 Rxd4 19. Rd2 Rbd8 20. h3 Bxh3
21. gxh3 Rxd3 22. Rg2+ Kf8 23. Kh2 Re3 24. fxe5 fxe5 25. Rf6 Rc8 26. Rh6 Rxe4
27. Rxh7 Ke7 28. Rf2 Rf8 29. Rc2 Kd6 30. h4 Re3 31. h5 Rf3 32. Rh6+ f6 33. Rg6
Rh8 34. h6 Rf5 35. Rc3 Rh5+ 36. Rh3 Rxh3+ 37. Kxh3 Ke6 38. Kg4 e4 39. Kh5 Rh7
40. Rg1 f5 41. Kg6 Rh8 42. Kg7 Rd8 43. h7 Rd7+ 44. Kh6 Rxh7+ 45. Kxh7 f4 46. Rf1
Kf5 47. Kh6 Kg4 48. Rg1+ Kh4 49. Rh1+ Kg3 50. Rg1+ Kf2 51. Rg4 Ke3 52. Kg5 f3
53. Kf5 f2 54. Rxe4+ Kf3 55. Rf4+ Ke2 56. Ke5 f1=Q 57. Rxf1 Kxf1 58. Kd6 Ke2 59.
Kxc6 Kd2 60. Kb7 a5 61. Kb6 {Black resigns} 1-0

[Event "Team 45 45 League T49"]
[Site "Internet Chess Club"]
[Date "2011.06.04"]
[Round "4"]
[White "hewdondada"]
[Black "Victorianum"]
[Result "1-0"]
[WhiteElo "1767"]
[BlackElo "1733"]
[Opening "Trompowsky attack (Ruth, Opocenský opening)"]
[ECO "A45"]
[Time "08:15:37"]
[TimeControl "2700+45"]

1. d4 Nf6 2. Bg5 Ne4 3. Bf4 c5 4. f3 Qa5+ 5. c3 Nf6 6. d5 Qb6 7. e4 Qxb2 8. Nd2
Qxc3 9. Bc7 d6 10. Rc1 Qe3+ 11. Ne2 b5 12. Rc3 Qh6 13. Ng3 a6 14. Ra3 g6 15.
Bxb5+ Nbd7 16. Bc6 Ra7 17. Bb6 Rb7 18. Bxb7 Bxb7 19. Ba5 Bg7 20. Rb3 Bc8 21. Nc4
O-O 22. Bd2 Qh4 23. Qc1 h6 24. O-O Nh5 25. Nxh5 Qxh5 26. Bc3 Bxc3 27. Qxc3 f5
28. e5 dxe5 29. Nxe5 Nf6 30. Qxc5 f4 31. d6 exd6 32. Qxd6 Qf5 33. Rb8 Qc2 34.
Nc6 {Black resigns} 1-0

[Event "Team 45 45 League T49"]
[Site "Internet Chess Club"]
[Date "2011.06.05"]
[Round "4"]
[White "chrisgianno"]
[Black "Portola"]
[Result "1-0"]
[WhiteElo "1573"]
[BlackElo "1713"]
[Opening "QGD: exchange, positional line"]
[ECO "D35"]
[Time "09:05:06"]
[TimeControl "2700+45"]

1. d4 d5 2. c4 e6 3. cxd5 exd5 4. Nc3 Nf6 5. Bg5 Be7 6. Nf3 c6 7. e3 Qc7 8. Bd3
Bg4 9. Qc2 O-O 10. Bxf6 Bxf6 11. Bxh7+ Kh8 12. h4 Bh5 13. Bd3 Qe7 14. O-O-O b5
15. Ne2 a5 16. Nf4 Bxf3 17. gxf3 Na6 18. Bg6 b4 19. Qf5 fxg6 20. Nxg6+ Kg8 21.
Nxe7+ Bxe7 22. Qe6+ Rf7 23. Kd2 c5 24. Ke2 cxd4 25. Qxd5 dxe3 26. Qxa8+ {Black
resigns} 1-0

[Event "Team 45 45 League T49"]
[Site "Internet Chess Club"]
[Date "2011.06.03"]
[Round "4"]
[White "Duguesclin"]
[Black "rayonline53"]
[Result "1/2-1/2"]
[WhiteElo "1576"]
[BlackElo "1584"]
[Opening "Benkö gambit: Zaitsev system"]
[ECO "A57"]
[Time "15:00:34"]
[TimeControl "2700+45"]

1. d4 Nf6 2. c4 c5 3. d5 b5 4. cxb5 a6 5. Nc3 axb5 6. Nxb5 Ba6 7. Qa4 Bb7 8. Qf4
Nxd5 9. Qc4 d6 10. e4 Nb6 11. Qc2 Nc6 12. Bd2 g6 13. Nf3 Bg7 14. Be2 O-O 15. O-O
Ba6 16. Bc3 Bxc3 17. Nxc3 Bxe2 18. Qxe2 Qc7 19. Rfc1 Qb7 20. b3 Qa6 21. Qe3 Kg7
22. e5 Nb4 23. exd6 exd6 24. Qd2 Rfd8 25. a3 Nc6 26. a4 Ne5 27. Ng5 h6 28. Nge4
Qd3 29. Qxd3 Nxd3 30. Rd1 d5 31. Rxd3 dxe4 32. Rxd8 Rxd8 33. Nxe4 c4 34. bxc4
Nxc4 35. g4 Rd4 36. f3 Na5 37. h4 Kf8 38. Kf2 Ke7 39. Ke3 Rb4 40. Nc3 Ke6 41.
Kd3 h5 42. Re1+ Kd7 43. Re7+ Kd8 44. gxh5 gxh5 45. Rxf7 Rxh4 46. Ne4 Rh1 47. Rf5
Nc6 48. Ng3 Ra1 49. Rf4 Ne5+ 50. Ke4 Ng6 51. Rf6 Rxa4+ 52. Ke3 Nh4 53. Nxh5 Ra3+
54. Kf2 Rxf3+ 55. Rxf3 Nxf3 {Game drawn because neither player has mating
material} 1/2-1/2

[Event "Team 45 45 League T49"]
[Site "Internet Chess Club"]
[Date "2011.06.11"]
[Round "4"]
[White "Konstantinos"]
[Black "DanMcClintic"]
[Result "1-0"]
[WhiteElo "1787"]
[BlackElo "1584"]
[Opening "King's Indian defense, 3.Nc3"]
[ECO "E61"]
[Time "14:30:55"]
[TimeControl "2700+45"]

1. d4 Nf6 2. c4 g6 3. Nc3 Bg7 4. Nf3 O-O 5. e3 d6 6. Be2 Bg4 7. O-O c6 8. Qc2
Bxf3 9. Bxf3 e5 10. dxe5 dxe5 11. Ne4 Nxe4 12. Bxe4 f5 13. Bf3 e4 14. Be2 Nd7
15. Rd1 Qe7 16. Rb1 Rad8 17. b4 Ne5 18. Bb2 Rxd1+ 19. Rxd1 Qxb4 20. Bxe5 Bxe5
21. Rb1 Qd6 22. Rxb7 Bxh2+ 23. Kh1 Rf7 24. c5 Qf6 25. Bc4 Be5 26. Rxf7 Qh4+ 27.
Kg1 Qh2+ 28. Kf1 Qh1+ 29. Ke2 Qh5+ 30. Kd2 Kh8 31. Qb1 f4 32. Qb7 fxe3+ 33. fxe3
Bc3+ 34. Kxc3 Qe5+ 35. Kb3 {Black resigns} 1-0

[Event "Team 45 45 League T49"]
[Site "Internet Chess Club"]
[Date "2011.06.03"]
[Round "4"]
[White "Lzmann"]
[Black "primerpaso"]
[Result "1-0"]
[WhiteElo "1845"]
[BlackElo "1828"]
[Opening "Nimzo-Indian: Sämisch variation"]
[ECO "E29"]
[Time "19:00:38"]
[TimeControl "2700+45"]

1. d4 Nf6 2. c4 e6 3. Nc3 Bb4 4. a3 Bxc3+ 5. bxc3 c5 6. e3 O-O 7. Bd3 d6 8. Ne2
Nc6 9. e4 h6 10. O-O e5 11. d5 Na5 12. f4 exf4 13. Bxf4 Nh5 14. Bd2 Bg4 15. Rb1
Qe7 16. Qc2 Bxe2 17. Bxe2 Nf6 18. Bd3 Ng4 19. Bf4 Ne5 20. Bxe5 Qxe5 21. Rf5 Qe7
22. Qf2 Rae8 23. Rh5 b6 24. Rf1 Qd7 25. Qg3 Kh8 26. Rf6 Re5 27. Rfxh6+ {Black
resigns} 1-0

[Event "Team 45 45 League T49"]
[Site "Internet Chess Club"]
[Date "2011.06.06"]
[Round "4"]
[White "jjmolina"]
[Black "pawn111"]
[Result "1/2-1/2"]
[WhiteElo "1754"]
[BlackElo "1861"]
[Opening "Sicilian: Najdorf, Byrne (English) attack"]
[ECO "B90"]
[Time "10:00:05"]
[TimeControl "2700+45"]

1. e4 c5 2. Nf3 d6 3. d4 cxd4 4. Nxd4 Nf6 5. Nc3 a6 6. Be3 e6 7. Be2 Be7 8. O-O
Nc6 9. f4 Qc7 10. a4 O-O 11. Kh1 Nxd4 12. Qxd4 e5 13. fxe5 dxe5 14. Qb6 Bd8 15.
Qxc7 Bxc7 16. Nd5 Nxd5 {Game drawn by mutual agreement} 1/2-1/2

[Event "Team 45 45 League T49"]
[Site "Internet Chess Club"]
[Date "2011.06.07"]
[Round "4"]
[White "BuddyT"]
[Black "frank001"]
[Result "0-1"]
[WhiteElo "1753"]
[BlackElo "1641"]
[Opening "QGD: 3.Nc3"]
[ECO "D31"]
[Time "20:45:18"]
[TimeControl "2700+45"]

1. d4 d5 2. c4 e6 3. Nc3 f5 4. Bf4 c6 5. e3 Nf6 6. Bd3 Bd6 7. Nge2 O-O 8. Qc2
Ne4 9. f3 Bxf4 10. exf4 Nxc3 11. bxc3 Qh4+ 12. g3 Qh3 13. O-O-O Nd7 14. Ng1 Qh5
15. Qg2 Qh6 16. Re1 c5 17. Nh3 cxd4 18. cxd4 dxc4 19. Bxc4 Nb6 20. Bb3 Bd7 21.
Ng5 Nd5 22. Bxd5 exd5 23. Re7 Rac8+ 24. Kb2 Qb6+ 25. Ka1 Ba4 26. Qf2 Rc2 {White
resigns} 0-1

[Event "Team 45 45 League T49"]
[Site "Internet Chess Club"]
[Date "2011.06.07"]
[Round "4"]
[White "IceBox"]
[Black "Innes"]
[Result "1-0"]
[WhiteElo "1747"]
[BlackElo "1644"]
[Opening "Réti opening"]
[ECO "A04"]
[Time "15:01:00"]
[TimeControl "2700+45"]

1. Nf3 Nc6 2. d4 e6 3. e4 d5 4. e5 f5 5. Be2 Be7 6. Be3 h6 7. h4 Bd7 8. c3 g6 9.
Nbd2 Rh7 10. Nb3 Rf7 11. Qd2 b6 12. Bxh6 Na5 13. Nxa5 bxa5 14. Bg5 Rb8 15. g3 c5
16. dxc5 Qc7 17. Bxe7 Nxe7 18. Ng5 Rf8 19. Nh7 Rh8 20. Nf6+ Kf7 21. f4 Bb5 22.
Kf2 Qxc5+ 23. Kg2 Bc6 24. Bf3 Ng8 25. Nxg8 Kxg8 26. Rab1 Rd8 27. Qd4 Qb6 28.
Qxb6 axb6 29. c4 Rh7 30. Rhd1 Rhd7 31. cxd5 Bxd5 32. Bxd5 Rxd5 33. Rxd5 Rxd5 34.
Rf1 Rd3 35. Rf3 Rd2+ 36. Rf2 Rd3 37. Rc2 Kf7 38. Kh3 b5 39. Rc7+ Kf8 40. Rc5 Rd5
41. Rc2 Rd3 42. Rc5 Rd5 43. Rc2 Rd3 44. Rc5 Rd5 45. Rxd5 exd5 46. Kg2 Ke7 47.
Kf2 d4 48. Ke2 Ke6 49. Kd3 Kd5 50. b3 a4 51. bxa4 bxa4 52. a3 Kc5 53. e6 Kd6 54.
Kxd4 Kxe6 55. Kc5 Kd7 56. Kb4 Kc6 57. Kxa4 Kc5 58. Kb3 Kb5 59. a4+ Kc5 60. a5
Kb5 61. a6 Kxa6 62. Kc4 Kb6 63. Kd5 Kc7 64. Ke6 Kc6 65. Kf6 {Black resigns} 1-0

[Event "Team 45 45 League T49"]
[Site "Internet Chess Club"]
[Date "2011.06.05"]
[Round "4"]
[White "Zumbi"]
[Black "egyptiantiger"]
[Result "1-0"]
[WhiteElo "2184"]
[BlackElo "2081"]
[Opening "Sicilian: Najdorf, Byrne (English) attack"]
[ECO "B90"]
[Time "10:18:21"]
[TimeControl "2700+45"]

1. e4 c5 2. Nf3 d6 3. d4 cxd4 4. Nxd4 Nf6 5. Nc3 a6 6. Be3 Ng4 7. Bg5 h6 8. Bh4
g5 9. Bg3 Bg7 10. h3 Ne5 11. Nf5 Bxf5 12. exf5 Nbc6 13. Nd5 e6 14. fxe6 fxe6 15.
Ne3 Qa5+ 16. c3 O-O-O 17. Be2 d5 18. O-O Qb6 19. b4 Ne7 20. b5 a5 21. c4 d4 22.
c5 Qc7 23. Nc4 N7g6 24. Rc1 Nf4 25. Bxf4 gxf4 26. Nb6+ Kb8 27. Qa4 f3 28. Qxa5
Qf7 29. c6 bxc6 30. Qa8+ Kc7 31. Rxc6+ Nxc6 32. Qxc6+ Kb8 33. Qa8+ Kc7 34. Qa7+
Kd6 35. Qxf7 fxe2 36. Nc4+ Kc5 37. Qc7+ Kb4 38. Rb1+ Kc3 39. Ne5+ {Black
resigns} 1-0

[Event "Team 45 45 League T49"]
[Site "Internet Chess Club"]
[Date "2011.06.06"]
[Round "4"]
[White "Memphischess"]
[Black "grabuark"]
[Result "1/2-1/2"]
[WhiteElo "2080"]
[BlackElo "2061"]
[Opening "Sicilian: dragon, Yugoslav attack, Rauser variation"]
[ECO "B76"]
[Time "23:01:17"]
[TimeControl "2700+45"]

1. e4 c5 2. Nf3 d6 3. d4 cxd4 4. Nxd4 Nf6 5. Nc3 g6 6. Be3 Bg7 7. f3 O-O 8. Qd2
Nc6 9. O-O-O d5 10. exd5 Nxd5 11. Nxc6 bxc6 12. Bd4 Bxd4 13. Qxd4 Qb6 14. Na4
Qa5 15. b3 Qc7 16. h4 h5 17. Bc4 {Game drawn by mutual agreement} 1/2-1/2

[Event "Team 45 45 League T49"]
[Site "Internet Chess Club"]
[Date "2011.06.04"]
[Round "4"]
[White "Tobiasdelmonte"]
[Black "Superman"]
[Result "1-0"]
[WhiteElo "1829"]
[BlackElo "1795"]
[Opening "QGD: Albin counter-gambit, 5.g3"]
[ECO "D09"]
[Time "17:04:55"]
[TimeControl "2700+45"]

1. d4 d5 2. c4 e5 3. dxe5 d4 4. Nf3 Nc6 5. g3 Bg4 6. Bg2 Qd7 7. Nbd2 O-O-O 8.
O-O Bh3 9. a3 Bxg2 10. Kxg2 f6 11. b4 h5 12. Bb2 h4 13. b5 Nxe5 14. Bxd4 hxg3
15. fxg3 Qh3+ 16. Kf2 Ng4+ 17. Ke1 Rxd4 18. Nxd4 Nxh2 19. Rg1 Rh4 20. N2b3 Re4
21. Qd3 f5 22. Rd1 Bd6 23. c5 Be7 24. Ne6 Nf6 25. Qd8+ {Black resigns} 1-0

[Event "Team 45 45 League T49"]
[Site "Internet Chess Club"]
[Date "2011.06.01"]
[Round "4"]
[White "akhil32"]
[Black "j65536d"]
[Result "0-1"]
[WhiteElo "1771"]
[BlackElo "1774"]
[Opening "King's Indian: 3.g3"]
[ECO "E60"]
[Time "22:00:18"]
[TimeControl "2700+45"]

1. d4 Nf6 2. c4 g6 3. g3 Bg7 4. Bg2 O-O 5. Nf3 c5 6. e3 d6 7. O-O Qc7 8. Nc3 a6
9. b3 Bg4 10. dxc5 dxc5 11. Qc2 Bf5 12. Qe2 Ne4 13. Nd5 Qd8 14. Bb2 e6 15. Nf4
Nc6 16. Ne1 Nc3 17. Bxc3 Bxc3 18. Rd1 Qc7 19. e4 Nd4 20. Qd3 g5 21. Ne2 Nxe2+
22. Qxe2 Bg6 23. Nf3 h6 24. Qe3 Bg7 25. Rd3 Rad8 26. Rfd1 b6 27. Qd2 Rxd3 28.
Qxd3 Bf6 29. Qd6 Rc8 30. e5 Be7 31. Qd7 Kf8 32. Qa4 Rd8 33. Re1 a5 34. h3 Qd7
35. Qa3 Qd3 36. Qa4 Be4 37. Re3 Qb1+ 38. Ne1 Bg6 39. Kh2 Rd1 40. Nf3 Qc2 41. Ng1
Qxf2 {White resigns} 0-1

[Event "Team 45 45 League T49"]
[Site "Internet Chess Club"]
[Date "2011.06.05"]
[Round "4"]
[White "chess9793"]
[Black "chiiwen"]
[Result "0-1"]
[WhiteElo "2093"]
[BlackElo "2175"]
[Opening "Sicilian: Kan, 5.Nc3"]
[ECO "B43"]
[Time "20:03:14"]
[TimeControl "2700+45"]

1. e4 c5 2. Nf3 e6 3. d4 cxd4 4. Nxd4 a6 5. Nc3 Qc7 6. Bd3 Nf6 7. f4 d6 8. Qf3
Nc6 9. Be3 Be7 10. g4 Nxd4 11. Bxd4 e5 12. fxe5 dxe5 13. Qg3 Bd6 14. Bg1 Be6 15.
g5 Nh5 16. Qf3 Nf4 17. O-O-O Bc5 18. Nd5 Bxd5 19. exd5 Bxg1 20. Rhxg1 O-O-O 21.
Kb1 Kb8 22. Be4 h6 23. gxh6 g6 24. Qb3 Rd6 25. c4 f5 26. Bh1 Rxh6 27. Qe3 Rd8
28. c5 Rh3 29. Rg3 Nxd5 30. Qb3 Rxg3 31. hxg3 Nb4 32. a3 Rxd1+ 33. Qxd1 Nc6 34.
Bxc6 Qxc6 35. Qd8+ Ka7 36. Qe7 Qe4+ 37. Ka2 Qd5+ 38. Ka1 f4 39. gxf4 exf4 40.
Qf6 Qxc5 41. Qxf4 Qg1+ 42. Ka2 g5 43. Qc4 g4 44. Qd5 g3 45. Qc4 Qf2 {White
resigns} 0-1

[Event "Team 45 45 League T49"]
[Site "Internet Chess Club"]
[Date "2011.06.05"]
[Round "4"]
[White "AronT"]
[Black "musk6868"]
[Result "1-0"]
[WhiteElo "2117"]
[BlackElo "2001"]
[Opening "Dutch defense"]
[ECO "A87"]
[Time "07:38:14"]
[TimeControl "2700+45"]

1. d4 f5 2. g3 Nf6 3. Bg2 g6 4. Nf3 Bg7 5. O-O O-O 6. c4 d6 7. Nc3 Qe8 8. Nd5
Nxd5 9. cxd5 Qb5 10. Ng5 Na6 11. e4 fxe4 12. Bxe4 Qc4 13. Nxh7 Kxh7 14. Qh5+ Kg8
15. Bxg6 Rf6 16. Qh7+ Kf8 17. Bh6 Rxg6 18. Qxg6 Qxd4 19. Rad1 Qxb2 20. Rd3 Qf6
21. Bxg7+ Qxg7 22. Rf3+ Kg8 23. Qe8+ Kh7 24. Rf7 {Black resigns} 1-0

[Event "Team 45 45 League T49"]
[Site "Internet Chess Club"]
[Date "2011.06.07"]
[Round "4"]
[White "wilson97"]
[Black "RosewoodTele"]
[Result "1/2-1/2"]
[WhiteElo "1927"]
[BlackElo "1838"]
[Opening "Sicilian: dragon, Yugoslav attack, Rauser variation"]
[ECO "B76"]
[Time "19:04:44"]
[TimeControl "2700+45"]

1. e4 c5 2. Nf3 d6 3. d4 cxd4 4. Nxd4 Nf6 5. Nc3 g6 6. Be3 Bg7 7. f3 O-O 8. Qd2
Nc6 9. O-O-O Nxd4 10. Bxd4 Be6 11. g4 Qa5 12. Kb1 Rfc8 13. h4 Rab8 14. g5 Nh5
15. Bxg7 Kxg7 16. Bh3 b5 17. Nd5 Qxd2 18. Rxd2 Kf8 19. Ne3 Bxh3 20. Rxh3 Nf4 21.
Rh1 Rc5 22. Rhd1 Rbc8 23. c3 a6 24. Nd5 Nxd5 25. Rxd5 Ke8 26. Rxc5 Rxc5 27. Kc2
h6 28. f4 hxg5 29. hxg5 Kd7 30. Rd5 Ke6 31. Rxc5 dxc5 32. Kd3 f5 33. e5 Kd5 34.
b3 c4+ 35. bxc4+ bxc4+ 36. Ke3 e6 37. Kf3 Kc5 38. Ke3 Kd5 {Game drawn by mutual
agreement} 1/2-1/2

[Event "Team 45 45 League T49"]
[Site "Internet Chess Club"]
[Date "2011.06.06"]
[Round "4"]
[White "Ben777"]
[Black "flyingpawns"]
[Result "0-1"]
[WhiteElo "1760"]
[BlackElo "1719"]
[Opening "French: Burn variation"]
[ECO "C11"]
[Time "19:16:37"]
[TimeControl "2700+45"]

1. e4 e6 2. d4 d5 3. Nc3 Nf6 4. Bg5 dxe4 5. Nxe4 Be7 6. Bxf6 gxf6 7. Nf3 b6 8.
Bb5+ c6 9. Be2 Bb7 10. O-O Nd7 11. Re1 Qc7 12. Qd2 O-O-O 13. a4 a5 14. c3 c5 15.
Bb5 Kb8 16. Qe3 Rhg8 17. Rac1 f5 18. Ned2 Rg7 19. b4 Rdg8 20. g3 f4 21. Qd3 fxg3
22. fxg3 Rxg3+ 23. hxg3 Qxg3+ 24. Kf1 Qg2# {White checkmated} 0-1

[Event "Team 45 45 League T49"]
[Site "Internet Chess Club"]
[Date "2011.06.04"]
[Round "4"]
[White "sandham"]
[Black "zeigmata"]
[Result "1/2-1/2"]
[WhiteElo "2133"]
[BlackElo "2275"]
[Opening "QGD semi-Slav: Stoltz variation"]
[ECO "D45"]
[Time "16:42:49"]
[TimeControl "2700+45"]

1. d4 d5 2. Nf3 Nf6 3. c4 c6 4. e3 e6 5. Nc3 Nbd7 6. Qc2 a6 7. e4 dxe4 8. Nxe4
Nxe4 9. Qxe4 Bb4+ 10. Bd2 Bxd2+ 11. Nxd2 O-O 12. O-O-O Nf6 13. Qh4 Qa5 14. Bd3
Qh5 15. Qxh5 Nxh5 16. g3 Rd8 17. Nf3 Nf6 18. Rd2 Bd7 19. Re1 Be8 20. Kc2 a5 21.
b3 c5 22. dxc5 Rdc8 23. a3 Rxc5 24. Re5 Rc7 25. Kb2 Nd7 26. Re3 Nc5 27. Bc2 h6
28. Ne5 Kf8 29. f4 Nd7 30. Nxd7+ Bxd7 31. Be4 Be8 32. Red3 Ke7 33. Rd6 Rb8 34.
Rb6 Bc6 35. Bxc6 Rxc6 36. Rb5 a4 37. Rb4 axb3 38. Kxb3 b6 39. a4 Rbc8 40. Rd4
R8c7 41. Rb5 Ra7 42. Kb4 f6 43. a5 bxa5+ 44. Rxa5 Rxa5 45. Kxa5 e5 46. fxe5 fxe5
47. Re4 Kd6 48. Kb5 Rc5+ 49. Kb4 Rc8 50. Rg4 g5 51. h4 Rb8+ 52. Kc3 Rg8 53. hxg5
hxg5 54. Kd3 Ke6 55. Ke3 Kf5 56. Re4 g4 57. c5 Ke6 58. c6 Kd5 59. c7 Rc8 60.
Rxg4 {Game drawn by mutual agreement} 1/2-1/2

[Event "Team 45 45 League T49"]
[Site "Internet Chess Club"]
[Date "2011.06.05"]
[Round "4"]
[White "aww-rats"]
[Black "Ptzz"]
[Result "0-1"]
[WhiteElo "2091"]
[BlackElo "2118"]
[Opening "Caro-Kann: exchange variation"]
[ECO "B13"]
[Time "15:01:50"]
[TimeControl "2700+45"]

1. e4 c6 2. d4 d5 3. exd5 cxd5 4. Bd3 Nc6 5. c3 Qc7 6. Ne2 Bg4 7. f3 Bd7 8. Bf4
e5 9. Bg3 Bd6 10. O-O Nf6 11. Na3 a6 12. Nc2 Nh5 13. Ne3 Nxg3 14. Nxg3 Ne7 15.
Re1 O-O 16. Nef5 Nxf5 17. Bxf5 Bc6 18. Nf1 g6 19. Bc2 exd4 20. Qxd4 Bb5 21. Ne3
Bxh2+ 22. Kh1 Qe5 23. Qxe5 Bxe5 24. Nxd5 Bg3 25. Re7 Bc6 26. Nb4 Rae8 27. Nxc6
bxc6 28. Re4 f5 29. Bb3+ Kg7 30. Ra4 Re2 31. Rxa6 Rfe8 32. Rg1 R8e5 33. Ra7+ Kf6
34. Rxh7 Rxb2 35. Rh3 f4 36. Rh7 Re3 37. Rd7 Rxc3 38. Rgd1 Rc5 39. R7d6+ Kg7 40.
Be6 Rcc2 41. a4 Rxg2 42. Rxc6 Rh2+ 43. Kg1 Rh4 44. Rc7+ Kf6 45. Rc6 Kg7 46. Rd7+
Kh6 47. Bc4 Bf2+ 48. Kf1 Be3 49. Be2 Rh1+ 50. Kg2 Rg1+ 51. Kh3 Rxe2 {White
resigns} 0-1

[Event "Team 45 45 League T49"]
[Site "Internet Chess Club"]
[Date "2011.06.05"]
[Round "4"]
[White "Guoruey"]
[Black "snottgoblin"]
[Result "0-1"]
[WhiteElo "1919"]
[BlackElo "2021"]
[Opening "Sicilian: Najdorf, Byrne (English) attack"]
[ECO "B90"]
[Time "16:18:18"]
[TimeControl "2700+45"]

1. e4 c5 2. Nf3 d6 3. d4 cxd4 4. Nxd4 Nf6 5. Nc3 a6 6. Be3 e5 7. Nf3 Be7 8. Bc4
O-O 9. O-O Be6 10. Qe2 Bxc4 11. Qxc4 b5 12. Qb3 Nc6 13. Nd5 Nxe4 14. Nb6 d5 15.
Nxa8 d4 16. Rad1 Nc5 17. Qa3 b4 18. Nxe5 bxa3 19. Nxc6 Qd7 20. Nxe7+ Qxe7 21.
Bxd4 Rxa8 22. Rfe1 Ne6 23. b3 Qc7 24. c4 Rd8 25. Be3 h6 26. Rc1 a5 27. g3 Nc5
28. Re2 Nd3 29. Rcc2 Nb4 30. Rc1 Qc6 31. h4 Qf3 32. Ree1 Kh7 33. Bb6 Rd2 34. Rf1
Rxa2 35. Bxa5 Nd3 {White resigns} 0-1

[Event "Team 45 45 League T49"]
[Site "Internet Chess Club"]
[Date "2011.06.04"]
[Round "4"]
[White "Oblio"]
[Black "Paulkov"]
[Result "1/2-1/2"]
[WhiteElo "2430"]
[BlackElo "2305"]
[Opening "Sicilian: Najdorf, Adams attack"]
[ECO "B90"]
[Time "12:00:29"]
[TimeControl "2700+45"]

1. e4 c5 2. Nf3 d6 3. d4 cxd4 4. Nxd4 Nf6 5. Nc3 a6 6. h3 g6 7. g4 Bg7 8. Bg2
O-O 9. Be3 Nc6 10. O-O Bd7 11. Nde2 b5 12. Nd5 Rb8 13. c3 Ne5 14. b3 Bc6 15. Qd2
Bb7 16. a4 bxa4 17. Rxa4 Nfd7 18. f4 Nc6 19. Rd1 e6 20. Nb4 Nxb4 21. Rxb4 a5 22.
Rb5 Ba6 23. Rxb8 Qxb8 24. Nc1 Qc8 25. c4 a4 26. bxa4 Qxc4 27. Qxd6 Rd8 28. Qa3
Qc7 29. Na2 Ne5 30. Rc1 Nc4 31. Qc5 Qxc5 32. Bxc5 Bb2 33. Rc2 Bd4+ 34. Bxd4 Rxd4
35. Nc3 Ne3 36. Rb2 Nxg2 37. Kxg2 Rd3 38. Rb8+ Kg7 39. Nb5 Bxb5 40. axb5 Rd2+
41. Kf3 Rd3+ 42. Kg2 Rd2+ 43. Kf3 Rd3+ 44. Ke2 Rxh3 45. g5 Rb3 46. b6 h5 47.
gxh6+ Kxh6 48. b7 Kg7 49. Kd2 Kf6 50. Kc2 Rb6 51. Kd3 Rb3+ 52. Kc4 Rb1 {Game
drawn by mutual agreement} 1/2-1/2

[Event "Team 45 45 League T49"]
[Site "Internet Chess Club"]
[Date "2011.06.09"]
[Round "4"]
[White "MaartenKoning"]
[Black "DTK"]
[Result "1/2-1/2"]
[WhiteElo "2242"]
[BlackElo "2228"]
[Opening "French: MacCutcheon variation"]
[ECO "C12"]
[Time "14:10:08"]
[TimeControl "2700+45"]

1. e4 e6 2. d4 d5 3. Nc3 Nf6 4. Bg5 Bb4 5. exd5 Qxd5 6. Bxf6 Bxc3+ 7. bxc3 gxf6
8. Qd2 Qa5 9. Ne2 Bd7 10. Nc1 Bc6 11. Nb3 Qg5 12. Qxg5 fxg5 13. h4 g4 14. Rg1
Nd7 15. Bd3 b6 16. a4 a5 17. Nd2 Ke7 18. g3 Rad8 19. Nc4 h5 20. Ke2 Rhe8 21.
Rge1 Kf6 22. Kf1 e5 23. Ne3 Nf8 24. d5 Bxd5 25. Bb5 Bf3 26. Bxe8 Rxe8 27. Nc4
Nd7 28. Nd2 Bc6 29. Nb3 Bf3 30. c4 Rd8 31. Re3 Ke7 32. c5 f6 33. cxb6 cxb6 34.
Nd4 Bd5 35. Nf5+ Ke6 36. Nd4+ Kf7 37. Nb5 Nc5 38. Rc3 Bf3 39. Ke1 Kg6 40. Re3
Rd7 41. Rc3 Rd8 {Game drawn by mutual agreement} 1/2-1/2

[Event "Team 45 45 League T49"]
[Site "Internet Chess Club"]
[Date "2011.06.06"]
[Round "4"]
[White "kai"]
[Black "Seaborgium"]
[Result "0-1"]
[WhiteElo "1923"]
[BlackElo "1968"]
[Opening "Alekhine's defense: exchange variation"]
[ECO "B03"]
[Time "08:00:12"]
[TimeControl "2700+45"]

1. e4 Nf6 2. e5 Nd5 3. d4 d6 4. c4 Nb6 5. exd6 cxd6 6. Nc3 Nc6 7. h3 Bf5 8. Nf3
e6 9. Be3 Be7 10. Be2 O-O 11. O-O d5 12. c5 Nc4 13. Bc1 b6 14. b3 N4a5 15. cxb6
Qxb6 16. Be3 Qb4 17. Qd2 Bf6 18. Rac1 Rfc8 19. Rfd1 Nb7 20. Ba6 Qb6 21. Be2 Nd6
22. Ne5 Qb7 23. Nxc6 Rxc6 24. Na4 Ne4 25. Qb2 Rac8 26. f3 Ng3 27. Nc5 Rxc5
{White resigns} 0-1

[Event "Team 45 45 League T49"]
[Site "Internet Chess Club"]
[Date "2011.06.03"]
[Round "4"]
[White "Campagnolo"]
[Black "JMB2009"]
[Result "1-0"]
[WhiteElo "2053"]
[BlackElo "1804"]
[Opening "Queen's pawn game, Darooha variation "]
[ECO "D02"]
[Time "19:00:42"]
[TimeControl "2700+45"]

1. Nf3 d5 2. d4 Nf6 3. c4 e6 4. g3 c5 5. cxd5 exd5 6. Bg2 Nc6 7. O-O Bg4 8. dxc5
Bxc5 9. Bg5 O-O 10. Nc3 d4 11. Ne4 Be7 12. Nxf6+ Bxf6 13. Bxf6 Qxf6 14. Qb3 Rad8
15. Rad1 Rfe8 16. Rd2 Ne5 17. Nxd4 Bxe2 18. Rxe2 Rxd4 19. f4 Rd3 20. Qxd3 Qb6+
21. Qe3 Nf3+ 22. Rxf3 Rxe3 23. Rfxe3 g6 24. Bf3 Qa6 25. a3 b5 26. Re7 Qd6 27.
Kg2 a5 28. R7e5 Qd7 29. Rd5 Qc8 30. Rxb5 Qa6 31. Rb7 Qd6 32. h3 h5 33. h4 Qd3
34. Rbe7 Qd6 35. R7e5 Qb6 36. Bd5 Qd6 37. Ba2 Qc6+ 38. Kh2 Qf3 39. Re7 Kg7 40.
Bxf7 Kh6 41. Bg8 g5 42. R2e6# {Black checkmated} 1-0

[Event "Team 45 45 League T49"]
[Site "Internet Chess Club"]
[Date "2011.06.05"]
[Round "4"]
[White "easycure"]
[Black "Uwak"]
[Result "0-1"]
[WhiteElo "2254"]
[BlackElo "2413"]
[Opening "King's Indian: orthodox, Aronin-Taimanov variation (Yugoslav attack / Mar del Plata variation)"]
[ECO "E97"]
[Time "22:00:42"]
[TimeControl "2700+45"]

1. d4 Nf6 2. Nf3 g6 3. c4 Bg7 4. Nc3 O-O 5. e4 d6 6. Be2 e5 7. O-O Nc6 8. d5 Ne7
9. Bg5 h6 10. Bxf6 Bxf6 11. b4 Bg7 12. c5 f5 13. Nd2 Kh8 14. a4 Ng8 15. a5 Nf6
16. f3 Qe7 17. cxd6 cxd6 18. Rc1 h5 19. Nc4 Bh6 20. Rc2 Bd7 21. Qd3 Rac8 22. Rb1
h4 23. b5 Nh5 24. Bf1 Rxc4 25. Qxc4 Be3+ 26. Rf2 Rc8 27. Qd3 Qg5 28. Ne2 fxe4
{White resigns} 0-1